 Dungeon Crawl Stone Soup version 0.27.1-1-g398f81649c (webtiles) character file.

Game seed: 10050391411638785390

334 MisterFreud the Shield-Bearer (level 6, -5/53 HPs)
             Began as a Gnoll Fighter on Sept 6, 2021.
             Was a Follower of Dithmenos.
             Slain by an orc priest (6 damage)
             ... on level 4 of the Dungeon.
             The game lasted 00:04:01 (4002 turns).

MisterFreud the Shield-Bearer (Gnoll Fighter)       Turns: 4002, Time: 00:04:01

Health: -5/53      AC:  9    Str: 15    XL:     6   Next: 53%
Magic:  18/18      EV:  8    Int: 15    God:    Dithmenos [*.....]
Gold:   25         SH: 10    Dex: 12    Spells: 9/9 levels left

rFire    . . .     SeeInvis .   a - +0 rapier
rCold    . . .     Faith    .   c - +0 kite shield
rNeg     . . .     Spirit   .   b - +0 scale mail
rPois    .         Reflect  .   m - +0 helmet
rElec    .         Harm     .   (no cloak)
rCorr    .         Rampage  .   (no gloves)
Will     .....                  (no boots)
Stlth    ..........             (no amulet)
HPRegen  0.17/turn              e - ring of magical power
MPRegen  0.16/turn              i - +6 ring of intelligence

@: wreathed by umbra
A: fangs 1, strong nose, distributed training
a: Renounce Religion


You were on level 4 of the Dungeon.
You worshipped Dithmenos.
Dithmenos was aware of your devotion.
You visited 1 branch of the dungeon, and saw 4 of its levels.

You collected 70 gold pieces.
You spent 45 gold pieces at shops.

Inventory:

Hand Weapons
 a - a +0 rapier (weapon)
Missiles
 p - 4 boomerangs (quivered)
Armour
 b - a +0 scale mail (worn)
 c - a +0 kite shield (worn)
 m - a +0 helmet (worn)
Jewellery
 e - a ring of magical power (left hand)
 i - a +6 ring of intelligence (right hand)
Scrolls
 h - a scroll of teleportation
 l - 2 scrolls of blinking
Potions
 d - 3 potions of might
 f - 3 potions of curing
 g - a potion of magic {unknown}
 j - a potion of mutation {unknown}
 k - a potion of degeneration {unknown}
 n - 2 potions of lignification
 o - 2 potions of brilliance {unknown}
 q - a potion of heal wounds {unknown}


   Skills:
 + Level 6.8 Fighting
 + Level 5.0 Short Blades
 + Level 2.0 Long Blades
 + Level 2.0 Axes
 + Level 2.0 Maces & Flails
 + Level 2.0 Polearms
 + Level 2.0 Staves
 + Level 2.0 Slings
 + Level 2.0 Bows
 + Level 2.0 Crossbows
 + Level 2.0 Throwing
 + Level 6.8 Armour
 + Level 2.0 Dodging
 + Level 2.0 Stealth
 + Level 6.8 Shields
 + Level 2.0 Unarmed Combat
 + Level 2.0 Spellcasting
 + Level 1.5 Conjurations
 + Level 1.5 Hexes
 + Level 1.5 Summonings
 + Level 1.5 Necromancy
 + Level 1.5 Translocations
 + Level 1.5 Transmutations
 + Level 1.5 Fire Magic
 + Level 1.5 Ice Magic
 + Level 1.5 Air Magic
 + Level 1.5 Earth Magic
 + Level 1.5 Poison Magic
 + Level 2.2 Invocations
 + Level 2.0 Evocations


You had 9 spell levels left.
You didn't know any spells.
Your spell library was empty.

Dungeon Overview and Level Annotations

Branches:
Dungeon (4/15)             Temple (0/1) D:4

Altars:
Dithmenos
Uskayaw
Vehumet

Shops:
D:1 (   D:3 *


Innate Abilities, Weirdness & Mutations

You have very sharp teeth.
Your uncanny sense of smell can sniff out nearby items.
Your experience applies equally to all skills.


Message History

Your Unarmed Combat skill increases to level 2!
Your Spellcasting skill increases to level 2!
Your Evocations skill increases to level 2!
Unknown command.
You closely miss the orc priest. Your bite misses the orc priest.
You block the orc priest's attack. x2
You hit the orc priest.
You bite the orc priest, but do no damage.
The orc priest is lightly wounded.
The orc priest calls down the wrath of Beogh upon you.
Beogh smites you!
* * * LOW HITPOINT WARNING * * *
You puncture the orc priest!
The orc priest is heavily wounded.
The orc priest hits you but does no damage.
You barely miss the orc priest.
The orc priest is heavily wounded.
The orc priest hits you with a +0 morningstar.
* * * LOW HITPOINT WARNING * * *
You hit the orc priest.
The orc priest is severely wounded.
You block the orc priest's attack.
You hit the orc priest.
The orc priest is almost dead.
The orc priest completely misses you.
You hit the orc priest but do no damage.
The orc priest is severely wounded.
You block the orc priest's attack.
The orc priest invokes the aid of Beogh against you.
Beogh smites you!
* * * LOW HITPOINT WARNING * * *
You barely miss the orc priest.
The orc priest is severely wounded.
You block the orc priest's attack.
Unknown command.
Unknown command.
You hit the orc priest but do no damage.
The orc priest is severely wounded.
The orc priest hits you with a +0 morningstar.
You die...

# # ###### ...... #
...... ..#######
......# ........#
......# ........#
......# ......)o#
#.....##########@##
#.....#........)..#
#.....#...........#
#.....#...........#
#.....'...........#
'.....#...........#
#######...........#
.......############
.......#


You could see an orc priest.

Vanquished Creatures
  An ogre (D:4)
  2 orc priests
  An iguana (D:3)
  Terence (D:2)
  A killer bee zombie (D:4)
  Robin (D:2)
  3 adders
  5 orcs
  5 bats
  8 endoplasms
  3 giant cockroaches
  7 hobgoblins
  2 jackals (D:2)
  8 kobolds
  4 quokkas
  6 ball pythons
  5 frilled lizards
  12 goblins
  6 rats
81 creatures vanquished.

Notes
Turn   | Place    | Note
-------+----------+-------------------------------------------
     0 | D:1      | MisterFreud the Gnoll Fighter began the quest for the Orb.
     0 | D:1      | Reached XP level 1. HP: 23/23 MP: 1/1
    32 | D:1      | Found Piadghic's Weapon Shop.
   251 | D:1      | Reached XP level 2. HP: 27/29 MP: 1/2
   679 | D:1      | Reached XP level 3. HP: 31/35 MP: 3/3
  1188 | D:2      | Reached skill level 1 in Invocations
  1571 | D:2      | Reached skill level 1 in Long Blades
  1571 | D:2      | Reached skill level 1 in Axes
  1571 | D:2      | Reached skill level 1 in Maces & Flails
  1571 | D:2      | Reached skill level 1 in Polearms
  1571 | D:2      | Reached skill level 1 in Staves
  1571 | D:2      | Reached skill level 1 in Slings
  1571 | D:2      | Reached skill level 1 in Bows
  1571 | D:2      | Reached skill level 1 in Crossbows
  1571 | D:2      | Reached skill level 1 in Throwing
  1571 | D:2      | Reached skill level 1 in Dodging
  1571 | D:2      | Reached skill level 1 in Stealth
  1571 | D:2      | Reached skill level 1 in Unarmed Combat
  1571 | D:2      | Reached skill level 1 in Spellcasting
  1571 | D:2      | Reached skill level 1 in Evocations
  2024 | D:2      | Noticed Robin
  2027 | D:2      | Reached XP level 4. HP: 36/41 MP: 5/5
  2052 | D:2      | Killed Robin
  2096 | D:2      | Reached skill level 1 in Conjurations
  2096 | D:2      | Reached skill level 1 in Hexes
  2096 | D:2      | Reached skill level 1 in Summonings
  2096 | D:2      | Reached skill level 1 in Necromancy
  2096 | D:2      | Reached skill level 1 in Translocations
  2096 | D:2      | Reached skill level 1 in Transmutations
  2096 | D:2      | Reached skill level 1 in Fire Magic
  2096 | D:2      | Reached skill level 1 in Ice Magic
  2096 | D:2      | Reached skill level 1 in Air Magic
  2096 | D:2      | Reached skill level 1 in Earth Magic
  2096 | D:2      | Reached skill level 1 in Poison Magic
  2098 | D:2      | Noticed Terence
  2110 | D:2      | Killed Terence
  2365 | D:3      | Reached XP level 5. HP: 47/47 MP: 6/6
  2415 | D:3      | You fall into a shaft and drop 1 floor!
  2415 | D:4      | Found a radiant altar of Vehumet.
  2602 | D:3      | HP: 2/47 [orc priest/divine providence (10)]
  2913 | D:3      | Found a faded altar of an unknown god.
  2939 | D:3      | Became a worshipper of Dithmenos the Shadowed
  2939 | D:3      | Reached * piety under Dithmenos
  2964 | D:3      | Found Faal's Assorted Antiques.
  2973 | D:3      | Bought a fuming coppery potion for 21 gold pieces
  2973 | D:3      | Bought a scroll labelled GEYRIU RYABYMN for 24 gold pieces
  3406 | D:4      | Noticed a +0 hand axe
  3407 | D:4      | Noticed a +0 dagger
  3421 | D:4      | Found a hide-covered altar of Uskayaw.
  3458 | D:4      | Found a staircase to the Ecumenical Temple.
  3485 | D:4      | Found a shadowy altar of Dithmenos.
  3679 | D:4      | Noticed an ogre
  3688 | D:4      | Killed an ogre
  3689 | D:4      | Reached skill level 5 in Short Blades
  3689 | D:4      | Reached XP level 6. HP: 23/53 MP: 8/8
  4000 | D:4      | HP: 1/53 [orc priest/divine providence (11)]
  4002 | D:4      | Slain by an orc priest

Illustrated notes

Levels and vault maps discovered:
D:1:      co_arrival_random_square_maze, layout_basic, serial_shops, shop
D:2:      layout_loops_corners, uniq_robin, uniq_terence
D:3:      layout_loops_ring, ebering_ecumenical_altar_rust, serial_shops,
          nicolae_shop_crystal
D:4:      layout_gridville, mainiacjoe_overflow_catwalk,
          mainiacjoe_overflow_24_doors, dancing_weapons_uskayaw, temple_green,
          portal_sewer_entry_a

Skill      XL: |  1  2  3  4  5  6 |
---------------+-------------------+-----
Invocations    | 1 2 |  2.2
Long Blades    | 1 2 |  2.0
Axes           | 1 2 |  2.0
Maces & Flails | 1 2 |  2.0
Polearms       | 1 2 |  2.0
Staves         | 1 2 |  2.0
Slings         | 1 2 |  2.0
Bows           | 1 2 |  2.0
Crossbows      | 1 2 |  2.0
Throwing       | 1 2 |  2.0
Dodging        | 1 2 |  2.0
Stealth        | 1 2 |  2.0
Unarmed Combat | 1 2 |  2.0
Spellcasting   | 1 2 |  2.0
Evocations     | 1 2 |  2.0
Conjurations   | 1 |  1.5
Hexes          | 1 |  1.5
Summonings     | 1 |  1.5
Necromancy     | 1 |  1.5
Translocations | 1 |  1.5
Transmutations | 1 |  1.5
Fire Magic     | 1 |  1.5
Ice Magic      | 1 |  1.5
Air Magic      | 1 |  1.5
Earth Magic    | 1 |  1.5
Poison Magic   | 1 |  1.5
Short Blades   | 5 |  5.0
Fighting       | |  6.8
Armour         | |  6.8
Shields        | |  6.8

Action                   |  1- 3 |  4- 6 || total
-------------------------+-------+-------++-------
Melee: Rapier            |   118 |   146 ||   264
       Bite              |     6 |    16 ||    22
  Use: Scroll            |       |     5 ||     5
Armor: Scale mail        |    39 |    45 ||    84
Dodge: Dodged            |    29 |    29 ||    58
Block: Kite shield       |    66 |    78 ||   144
